 Seeded DCSS version 0.28-a0-1227-ga9037bb4c8 (webtiles) character file.

Game seed: 16921015803761842280 (custom seed)

18025 flotson the Fighter (level 12, -2/84 HPs)
             Began as a Demonspawn Gladiator on Dec 23, 2021.
             Was a High Priest of Hepliaklqana.
             Slain by a black mamba (14 damage)
             ... on level 2 of the Lair of Beasts.
             The game lasted 00:30:28 (16427 turns).

flotson the Fighter (Demonspawn Gladiator)         Turns: 16427, Time: 00:30:29

Health: -2/84      AC: 14    Str: 20    XL:     12   Next: 24%
Magic:  16/16      EV: 12    Int: 15    God:    Hepliaklqana [*****.]
Gold:   642        SH: 13    Dex: 15    Spells: 11/11 levels left

rFire   + . .      SeeInvis .   a - +6 club (spect)
rCold   . . .      Faith    .   O - +0 kite shield
rNeg    . . .      Spirit   .   d - +0 swamp dragon scales
rPois   +          Reflect  .   R - +2 hat of Purpose {rF+}
rElec   .          Harm     .   L - +0 cloak
rCorr   .          Rampage  .   M - +0 pair of gloves
Will    ++...                   (no boots)
Stlth   +.........              (no amulet)
HPRegen 0.24/turn               x - ring of willpower
MPRegen 0.15/turn               F - ring of willpower

@: mighty, lethally poisoned (-2 -> -20)
A: reduced essence, claws 1, powered by pain 2, big brain 3, condensation shield
a: Renounce Religion, Recall Ancestor, Ancestor Identity, Transference, Idealise


You were on level 2 of the Lair of Beasts.
You worshipped Hepliaklqana.
Hepliaklqana was extremely pleased with you.
You visited 3 branches of the dungeon, and saw 14 of its levels.
You also visited: Ossuary.

You collected 642 gold pieces.

Inventory:

Hand Weapons
 a - a +6 spectral club (weapon)
 b - a +0 hunting sling
 V - a +0 broad axe
Missiles
 q - 61 sling bullets
 w - 5 boomerangs
 E - 22 poisoned darts
 S - 2 curare-tipped darts (quivered)
 U - a throwing net
Armour
 d - +0 swamp dragon scales (worn)
 L - a +0 cloak (worn)
 M - a +0 pair of gloves (worn)
 N - a +0 chain mail of cold resistance
 O - a +0 kite shield (worn)
 Q - a +3 chain mail
 R - the +2 hat of Purpose (worn) {rF+}
   (You found it on level 9 of the Dungeon)

   rF:        It protects you from fire.
Jewellery
 x - a ring of willpower (left hand)
 F - a ring of willpower (right hand)
 P - a ring of wizardry
Wands
 f - a wand of flame (2)
 p - a wand of acid (3)
 t - a wand of digging (4)
 H - a wand of polymorph (1)
 J - a wand of paralysis (18)
Scrolls
 e - 3 scrolls of vulnerability
 h - 2 scrolls of immolation
 i - a scroll of amnesia {unknown}
 o - 2 scrolls of blinking
 r - a scroll of enchant armour {unknown}
 s - 2 scrolls of enchant weapon {unknown}
 y - 2 scrolls of magic mapping
 C - a scroll of fog {unknown}
 D - a scroll of teleportation
 I - a scroll of torment {unknown}
 T - a scroll of identify
Potions
 c - a potion of resistance
 g - a potion of flight
 k - a potion of curing
 l - a potion of attraction
 m - 2 potions of mutation
 n - 3 potions of berserk rage
 u - 8 potions of might
 v - a potion of cancellation
 z - a potion of invisibility
 A - a potion of degeneration {unknown}
 B - 3 potions of lignification
 G - a potion of ambrosia {unknown}
 K - 3 potions of haste


   Skills:
 + Level 8.4 Fighting
 + Level 8.2 Maces & Flails
 + Level 7.8 Throwing
 + Level 7.5 Armour
 + Level 8.0 Dodging
 + Level 4.5 Shields
 - Level 6.0 Invocations
 + Level 5.0 Evocations


You had 11 spell levels left.
You didn't know any spells.
Your spell library contained the following spells:

 Spells                   Type           Power      Damage    Failure   Level
 Slow                     Hex            0%         N/A       52%         1
 Sting                    Tmut/Pois      0%         1d3       52%         1
 Poisonous Vapours        Pois/Air       0%         N/A       65%         2
 Scorch                   Fire           0%         2d5       65%         2
 Confusing Touch          Hex            0%         N/A       86%         3
 Flame Wave               Conj/Fire      0%         2d4       99%         4
 Fulminant Prism          Conj/Hex       0%         3d6       99%         4
 Hailstorm                Conj/Ice       0%         3d3       99%         4
 Ice Form                 Ice/Tmut       0%         N/A       99%         4
 Iskenderun's Mystic Bla  Conj/Tloc      0%         2d3       99%         4
 Olgreb's Toxic Radiance  Pois           0%         N/A       99%         4
 Passage of Golubria      Tloc           0%         N/A       99%         4
 Lee's Rapid Deconstruct  Erth           0%         3d5*      100%        5
 Silence                  Hex/Air        0%         N/A       100%        5
 Yara's Violent Unravell  Hex/Tmut       0%         3d3       100%        5
 Simulacrum               Ice/Necr       0%         N/A       100%        6
 Summon Cactus Giant      Summ           0%         N/A       100%        6
 Malign Gateway           Summ/Tloc      0%         N/A       100%        7
 Lehudib's Crystal Spear  Conj/Erth      0%         10d2      100%        8
 Summon Horrible Things   Summ           0%         N/A       100%        8


Dungeon Overview and Level Annotations

Branches:
Dungeon (10/15)            Temple (1/1) D:5            Lair (3/6) D:10
Ossuary (visited)
  Swamp: Lair:2-4    Shoals: Lair:2-4     Snake: Lair:2-4    Spider: Lair:2-4
    Orc: D:9-12

Altars:
Ashenzari
Cheibriados
Dithmenos
Elyvilon
Fedhas
Gozag
Hepliaklqana
Kikubaaqudgha
Makhleb
Nemelex Xobeh
Okawaru
Ru
Sif Muna
Trog
Uskayaw
Vehumet
Wu Jian
Xom
Yredelemnul
Zin
The Shining One
Beogh

Shops:
D:2 (

Annotations:
D:9 JamezByez's ghost, novice MiBe
Lair:1 3 runed translucent doors, oldriver's ghost, novice MiBe
Lair:2 1 runed translucent door, Zihow's ghost, journeyman DgIE


Innate Abilities, Weirdness & Mutations

Your life essence is reduced to manifest your ancestor. (-10% HP)
You have sharp fingernails.
You sometimes gain power by taking damage.
You have an absolutely massive brain. (Int +6, Wiz)
A meltable shield of frost defends you. (SH +4)


Message History

* * * LOW HITPOINT WARNING * * *
You hit the black mamba.
The black mamba is heavily wounded.
The black mamba bites you but does no damage.
The black mamba bites you!
* * * LOW HITPOINT WARNING * * *
You focus on the pain.
You feel very mighty all of a sudden.
You feel much better. You block the black mamba's attack.
The black mamba bites you.
You sock the black mamba!
The black mamba is almost dead.
The black mamba completely misses you. You block the black mamba's attack.
You closely miss the black mamba.
The black mamba is severely wounded.
The black mamba bites you but does no damage.
The black mamba completely misses you.
Your shield prevents you from hitting the black mamba.
The black mamba is severely wounded.
The black mamba barely misses you. The black mamba bites you!
* * * LOW HITPOINT WARNING * * *
You completely miss the black mamba.
The black mamba is severely wounded.
The black mamba misses you. You block the black mamba's attack.
You sock the black mamba!
The black mamba is almost dead.
The black mamba bites you but does no damage.
You block the black mamba's attack.
You completely miss the black mamba.
The black mamba is almost dead.
The black mamba bites you.
* * * LOW HITPOINT WARNING * * *
You are lethally poisoned!
The black mamba poisons you! You block the black mamba's attack.
You closely miss the black mamba.
The black mamba is almost dead.
* * * LOW HITPOINT WARNING * * *
You feel extremely sick. The black mamba barely misses you.
The black mamba bites you!
You die...

.# ###..#### .##
#......# ..## #.....##
...## ##....# ....##
#....# .....####....## .
....###.+.....# ...
....##).......#####.....
....'..>........@S......
.......##....+.P####....
.....####....#### .
.##### ###### ##


You could see a black mamba.

Vanquished Creatures
  A boulder beetle (Lair:2)
  A two-headed ogre (D:10)
  A death yak (Lair:2)
  Pikel (D:7)
  4 cane toads
  A kobold demonologist (D:7)
  Maggie (Lair:2)
  2 rime drakes (Lair:1)
  3 komodo dragons (Lair:1)
  A polar bear (Lair:1)
  Sigmund (D:4)
  A basilisk (Lair:1)
  7 wyverns
  18 yaks
  Menkaure (D:7)
  6 water moccasins
  3 orc warriors
  2 hornet zombies (Ossuary)
  2 ice beasts
  A sky beast (D:5)
  2 black bears
  A necrophage (D:6)
  2 ogres
  4 phantoms
  2 lemures (D:7)
  12 bullfrogs
  3 wyvern zombies
  3 water moccasin zombies
  4 scorpions
  3 killer bees (D:9)
  2 wights (D:9)
  2 howler monkeys
  4 bullfrog zombies
  6 centaur zombies
  A bullfrog skeleton (D:5)
  7 orc priests
  2 centaur skeletons (D:6)
  A hound (D:6)
  Jessica (D:2)
  3 orc wizards
  15 mummies (Ossuary)
  4 killer bee zombies
  A hound skeleton (D:5)
  3 gnolls (D:3)
  5 adders
  A white imp (D:6)
  2 ufetubi
  A dart slug (D:4)
  18 orcs
  5 bats
  5 endoplasms
  4 giant cockroaches (D:2)
  3 goblins
  7 hobgoblins
  4 kobolds
  3 quokkas
  8 ball pythons
  7 frilled lizards
  8 rats
227 creatures vanquished.

Vanquished Creatures (collateral kills)
  A rime drake (Lair:2)
  A hornet (D:8)
  6 yaks
  A shadow (D:10)
  A basilisk (D:10)
  A wyvern (D:10)
  2 water moccasins
  3 orc warriors
  An ice beast (D:8)
  A black bear (D:7)
  A wolf (Lair:1)
  2 centaurs
  3 bullfrogs
  A scorpion (D:10)
  4 wights
  An orc priest (D:9)
  An iguana (D:6)
  2 orc wizards
  An adder (D:6)
  6 orcs
40 creatures vanquished.

Vanquished Creatures (others)
  2 ancestors (D:6)
  10 hexers
  7 fungi
  26 plants
  7 withered plants (Ossuary)
52 creatures vanquished.

Grand Total: 319 creatures vanquished

Notes
Turn   | Place    | Note
-------+----------+-------------------------------------------
     0 | D:1      | flotson the Demonspawn Gladiator began the quest for the
                  | Orb.
     0 | D:1      | Reached XP level 1. HP: 16/16 MP: 1/1
   197 | D:1      | Found a faded altar of an unknown god.
   227 | D:1      | Gained mutation: A meltable shield of frost defends you.
                  | (SH +4) [demonic ancestry]
   227 | D:1      | Reached XP level 2. HP: 11/22 MP: 2/2
   721 | D:2      | Found a sacrificial altar of Ru.
   783 | D:2      | Found Naizewix's Antique Weapon Boutique.
  1215 | D:2      | Gained mutation: You have sharp fingernails. [demonic
                  | ancestry]
  1215 | D:2      | Reached XP level 3. HP: 28/28 MP: 3/3
  1236 | D:2      | Noticed Jessica
  1240 | D:2      | Killed Jessica
  1241 | D:2      | Reached skill level 1 in Armour
  1347 | D:2      | Reached XP level 4. HP: 31/34 MP: 4/4
  1944 | D:3      | You fall into a shaft and drop 2 floors!
  1944 | D:5      | Entered Level 5 of the Dungeon
  1961 | D:5      | Noticed a water moccasin
  1963 | D:5      | Found a staircase to the Ecumenical Temple.
  1967 | D:5      | Noticed a black bear
  1972 | Temple   | Entered the Ecumenical Temple
  1977 | Temple   | Killed a water moccasin
  1978 | Temple   | Gained mutation: You have an unusually large brain. (Int
                  | +2) [demonic ancestry]
  1978 | Temple   | Reached XP level 5. HP: 14/41 MP: 5/5
  2005 | Temple   | Became a worshipper of Hepliaklqana the Forgotten
  2022 | D:5      | Killed a black bear
  2023 | D:5      | Gained mutation: You sometimes gain a little power by
                  | taking damage. [demonic ancestry]
  2023 | D:5      | Reached XP level 6. HP: 21/47 MP: 6/6
  2279 | D:5      | Found a sand-covered staircase.
  2284 | Ossuary  | Entered an ossuary
  2365 | Ossuary  | Reached XP level 7. HP: 35/53 MP: 7/7
  2806 | Ossuary  | Reached XP level 8. HP: 61/61 MP: 8/8
  4036 | D:4      | Reached skill level 5 in Maces & Flails
  4036 | D:4      | Reached skill level 5 in Dodging
  4277 | D:4      | Reached * piety under Hepliaklqana
  4377 | D:4      | Found a shimmering altar of Xom.
  4377 | D:4      | Found a burning altar of Makhleb.
  4379 | D:4      | Found a basalt altar of Yredelemnul.
  4379 | D:4      | Found a broken altar of Ashenzari.
  4385 | D:4      | Reached skill level 5 in Fighting
  4571 | D:4      | Noticed Sigmund
  4579 | D:4      | Killed Sigmund
  4580 | D:4      | Reached skill level 1 in Invocations
  5234 | D:5      | Found a blossoming altar of Fedhas.
  5236 | D:5      | Found a shimmering blue altar of Sif Muna.
  5386 | D:5      | Reached XP level 9. HP: 57/61 MP: 10/10
  5676 | D:6      | Reached skill level 5 in Throwing
  6605 | D:6      | Reached ** piety under Hepliaklqana
  6606 | D:6      | Remembered your ancestor Wilfreda as a hexer
  6918 | D:6      | Reached skill level 5 in Armour
  7444 | D:7      | Noticed Pikel
  7494 | D:7      | Killed Pikel
  7642 | D:7      | Reached skill level 5 in Invocations
  7727 | D:7      | Gained mutation: You have an extremely huge brain. (Int +4)
                  | [demonic ancestry]
  7727 | D:7      | Reached XP level 10. HP: 69/69 MP: 13/13
  7988 | D:7      | Noticed Menkaure
  7994 | D:7      | Killed Menkaure
  8765 | D:8      | Found a sparkling altar of Nemelex Xobeh.
  8838 | D:8      | Reached skill level 1 in Evocations
  9033 | D:8      | Reached *** piety under Hepliaklqana
  9167 | D:8      | Reached skill level 1 in Shields
  9510 | D:8      | Found an ancient bone altar of Kikubaaqudgha.
 10342 | D:9      | Reached **** piety under Hepliaklqana
 10342 | D:9      | Found a runed translucent gate.
 10343 | D:9      | Found a runed translucent gate.
 10344 | D:9      | Found a runed translucent gate.
 10350 | D:9      | Identified the +2 robe of the Wild Haggis {rPois Will+
                  | Dex-2}
 10560 | D:9      | Noticed JamezByez's ghost (novice MiBe)
 11203 | D:9      | Identified the +2 hat of Purpose {rF+}
 11332 | D:10     | Entered Level 10 of the Dungeon
 11621 | D:10     | HP: 2/71 [orc warrior (3)]
 12030 | D:10     | Gained mutation: You have an absolutely massive brain. (Int
                  | +6, Wiz) [demonic ancestry]
 12030 | D:10     | Reached XP level 11. HP: 72/75 MP: 15/15
 12343 | D:10     | Found a staircase to the Lair.
 12595 | D:10     | Found an iron altar of Okawaru.
 12595 | D:10     | Found a broken altar of Ashenzari.
 12597 | D:10     | Found a bloodstained altar of Trog.
 12721 | D:10     | Found an opulent altar of Gozag.
 12771 | D:10     | Noticed a two-headed ogre
 12777 | D:10     | Killed a two-headed ogre
 13065 | Lair:1   | Entered Level 1 of the Lair of Beasts
 13075 | Lair:1   | Noticed oldriver's ghost (novice MiBe)
 13077 | Lair:1   | Noticed a minotaur
 13503 | Lair:1   | Found a runed translucent gate.
 13503 | Lair:1   | Found a runed translucent gate.
 13503 | Lair:1   | Found a runed translucent gate.
 13858 | Lair:1   | Reached ***** piety under Hepliaklqana
 15514 | Lair:2   | Noticed a boulder beetle
 15525 | Lair:2   | Killed a boulder beetle
 15526 | Lair:2   | Gained mutation: You sometimes gain power by taking damage.
                  | [demonic ancestry]
 15526 | Lair:2   | Reached XP level 12. HP: 77/83 MP: 16/16
 15554 | Lair:2   | Noticed Sonja
 15555 | Lair:2   | Noticed Sonja
 15555 | Lair:2   | Sonja changed into Sonja the rime drake
 15560 | Lair:2   | Killed Sonja the rime drake
 15574 | Lair:2   | Found a runed translucent door.
 15617 | Lair:2   | You fall into a shaft and drop 1 floor!
 15620 | Lair:3   | Noticed a death yak
 15622 | Lair:3   | Noticed a death yak
 15646 | Lair:3   | Noticed a death yak
 15667 | Lair:2   | HP: 4/83 [poisoned by a black mamba]
 16028 | Lair:2   | Noticed Zihow's ghost (journeyman DgIE)
 16067 | Lair:2   | Killed a death yak
 16184 | Lair:2   | Noticed Maggie
 16195 | Lair:2   | Killed Maggie
 16357 | Lair:2   | Reached skill level 5 in Evocations
 16427 | Lair:2   | Slain by a black mamba

Illustrated notes

Levels and vault maps discovered:
D:1:      psy_arrival_spokes, layout_rooms, nicolae_ecumenical_snake_handling,
          minivault_24
D:2:      kb_forest_paths, layout_basic, serial_shops, nicolae_shop_stone,
          basic_altar, uniq_jessica
D:3:      layout_basic, minmay_misc_feat_tiny
D:4:      layout_loops_corners, doesnt_xom_only_xom,
          hangedman_abyss_or_decor_slice, uniq_sigmund
D:5:      layout_basic, jmf_multi_god_temple, minmay_temple_entry_large_hall,
          enter_ossuary_5
D:6:      layout_basic, st_stairs_4
D:7:      layout_rooms, uniq_menkaure, uniq_pikel
D:8:      layout_loops_corners, nemelex_spade_bored_becter,
          amcnicky_altar_gilded, minmay_tree_intersection
D:9:      layout_irregular_city, biasface_ghost_orc_armoury
D:10:     layout_irregular_city, kennysheep_mini_moat,
          grunt_temple_overflow_open, minmay_lair_entry_grove, serial_glass,
          glass_columns_c, glass_columns_b, minmay_misc_feat_rugged
Temple:   cyrus_circular_temple
Lair:1:   layout_cave_pods, maelrawn_ghost_gauntlet_escape, beast_lair_carwin_7,
          lemuel_fruit_fields
Lair:2:   layout_roguey, skrybe_swamp_entry_bodies,
          hellmonk_ghost_happy_afterlife, uniq_maggie, uniq_sonja
Lair:3:   layout_hall_layers, nicolae_spider_entry_tight_spaces, uniq_nergalle

Skill      XL: |  1  2  3  4  5  6  7  8  9 10 11 12 |
---------------+-------------------------------------+-----
Throwing       | 2 3 4 5 6 7 |  7.8
Dodging        | 3 4 5 6 7 8 |  8.0
Maces & Flails | 3 4 5 6 7 8 |  8.2
Armour         | 1 2 3 4 5 6 7 |  7.5
Fighting       | 3 4 5 6 7 8 |  8.4
Invocations    | 2 5 6 |  6.0
Evocations     | 2 4 5 |  5.0
Shields        | 2 4 |  4.5

Action                   |  1- 3 |  4- 6 |  7- 9 | 10-12 || total
-------------------------+-------+-------+-------+-------++-------
Melee: Flail             |    49 |       |       |       ||    49
       Club              |     9 |    51 |   250 |   466 ||   776
 Fire: Hunting sling     |    26 |       |    43 |    47 ||   116
Throw: Throwing net      |       |     1 |       |     3 ||     4
       Dart              |       |       |       |    10 ||    10
Invok: Ancestor Life: He |       |       |     1 |       ||     1
       Recall Ancestor   |       |       |       |     1 ||     1
Evoke: Wand              |       |       |       |     3 ||     3
  Use: Potion            |       |     1 |       |     3 ||     4
       Scroll            |       |       |       |    22 ||    22
 Stab: Distracted        |       |     1 |     4 |     8 ||    13
       Held in net/web   |       |     1 |       |       ||     1
       Sleeping          |       |       |     1 |       ||     1
       Confused          |       |       |     2 |     2 ||     4
       Paralysed         |       |       |       |     5 ||     5
Armor: Leather armour    |    17 |    10 |    22 |       ||    49
       Robe              |       |       |     8 |       ||     8
       Scale mail        |       |       |    35 |       ||    35
       Chain mail        |       |       |       |   154 ||   154
       Swamp dragon scal |       |       |       |    20 ||    20
Dodge: Dodged            |    54 |    26 |   133 |   120 ||   333
Block: Other             |     8 |     7 |    27 |     5 ||    47
       Kite shield       |       |       |       |   267 ||   267

Table legend: (Time is in decaauts)
 A = Elapsed time spent in this place.
 B = Non-inter-level travel time spent in this place.
 C = Inter-level travel time spent in this place.
 D = Time resting spent in this place.
 E = Time spent auto-exploring this place.
 F = Levels seen in this place.
 G = Mean time per level.
                   A        B        C        D        E       F      G
               +--------+--------+--------+--------+--------+-----+--------+
         Total |  16616 |  15839 |    777 |   2107 |  10849 |  15 | 1107.7 |
       Dungeon |  12991 |  12265 |    726 |   1542 |   8786 |  10 | 1299.1 |
        Temple |     41 |     34 |      7 |      0 |      0 |   1 |   41.0 |
          Lair |   2562 |   2518 |     44 |    524 |   1375 |   3 |  854.0 |
       Ossuary |   1021 |   1021 |      0 |     41 |    688 |   1 | 1021.0 |
               +--------+--------+--------+--------+--------+-----+--------+

Top non-repeatable levels by time:
    D:10: 2036 daAuts
     D:9: 1764 daAuts
  Lair:1: 1636 daAuts
     D:5: 1608 daAuts
     D:8: 1420 daAuts
     D:6: 1342 daAuts
     D:2: 1168 daAuts
     D:7: 1117 daAuts
     D:4: 1091 daAuts
 Ossuary: 1021 daAuts
  Lair:2: 895 daAuts
     D:3: 740 daAuts
     D:1: 699 daAuts
  Temple: 41 daAuts
  Lair:3: 30 daAuts
